AoeStats
← manfred_da_pig

Arena

505282944Analyzed
4v4 RM · 25d ago on Sep 8, 2026· 42m 40s· 8 players
Game mode
Random Map
Map size
Large (8 player)
Population
200
Speed
Normal
Resources
Standard
Victory
Conquest
Starting age
Dark Age
Ending age
Imperial Age
RankedLock teamsTeams togetherTeam positionsShared explorationLock speedFull tech treeHidden civsTurbo modeCheats
Victory
Defeat
🇻🇳 Ethiopians · Vietnam
1452
+13
🇪🇨 Bohemians · Ecuador
1417
+15
🇦🇷 Inca · Argentina
1390
+16
🇨🇳 Byzantines · China
1389
+16
🇩🇪 Romans · Germany
1453
-18
🇩🇪 Saracens · Germany
1436
-17
🇬🇧 Persians · United Kingdom
1339
-13
🇨🇴 Magyars · Colombia
1324
-12
牛比无极限
6:28 Loom
8:44 Feudal Age
9:40 Double-Bit Axe
11:31 Fletching
13:53 Horse Collar
23:10 Castle Age
24:37 Heavy Plow
24:55 Bow Saw
25:03 Scale Barding Armor
27:26 Chain Barding Armor
31:16 Imperial Age
34:50 Fortified Wall
38:45 Wheelbarrow
Maty
10:31 Feudal Age
14:28 Castle Age
12:58 Double-Bit Axe
12:54 Horse Collar
15:43 Bow Saw
20:05 Wheelbarrow
19:50 Heavy Plow
21:07 Sanctity
24:16 Hand Cart
24:21 Loom
24:21 Town Watch
28:03 Chemistry
29:57 Imperial Age
28:44 Ballistics
28:05 Treadmill Crane
28:28 Scale Mail Armor
29:04 Pikeman
29:44 Squires
30:33 Masonry
30:29 Halberdier
31:25 Chain Mail Armor
31:03 Houfnice
33:05 Plate Mail Armor
33:13 Guilds
33:10 Siege Engineers
34:04 Conscription
33:50 Wagenburg Tactics
35:14 Two-Man Saw
36:09 Forging
36:32 Architecture
38:53 Iron Casting
39:22 Fletching
40:11 Bodkin Arrow
40:17 Padded Archer Armor
40:24 Crossbowman
41:10 Bracer
41:26 Leather Archer Armor
41:09 Arson
41:02 Arbalester
43:35 Ring Archer Armor
44:06 Blast Furnace
43:04 Murder Holes
This is Kawaii
9:56 Feudal Age
14:07 Castle Age
12:03 Double-Bit Axe
12:36 Horse Collar
15:04 Bow Saw
23:14 Wheelbarrow
22:26 Loom
23:52 Ballistics
24:38 Gold Mining
28:31 Imperial Age
26:10 Heavy Plow
27:39 Gold Shaft Mining
28:49 Heavy Scorpion
30:34 Chemistry
29:37 Scale Mail Armor
30:54 Two-Man Saw
31:33 Siege Engineers
32:33 Hand Cart
32:05 Town Watch
33:46 Torsion Engines
33:35 Halberdier
37:31 Squires
38:39 Conscription
38:36 Chain Mail Armor
38:32 Forging
41:11 Onager
41:14 Capped Ram
43:02 Coinage
[BadStart] The Shadow
9:54 Feudal Age
13:42 Castle Age
12:14 Double-Bit Axe
12:11 Horse Collar
12:17 Horse Collar
13:21 Loom
15:41 Bow Saw
17:28 Sanctity
22:21 Redemption
23:50 Wheelbarrow
29:09 Imperial Age
26:56 Heavy Plow
27:03 Town Watch
30:18 Block Printing
30:42 Gold Mining
32:37 Crop Rotation
32:43 Gold Shaft Mining
33:48 Scale Mail Armor
35:29 Conscription
36:09 Chain Mail Armor
36:12 Hand Cart
36:18 Forging
37:02 Fabric Shields
37:38 Plate Mail Armor
37:53 Squires
37:57 Stone Mining
37:42 Elite Kamayuk
38:12 Champi Runner
38:37 Arson
39:33 Iron Casting
40:04 Theocracy
39:26 Champi Warrior
40:05 Elite Champi Warrior
Facetrollwakfu
10:25 Feudal Age
14:31 Castle Age
12:28 Double-Bit Axe
13:49 Horse Collar
15:54 Bow Saw
19:27 Wheelbarrow
18:39 Loom
20:39 Heavy Plow
22:29 Gold Mining
23:22 Stone Mining
24:10 Gold Shaft Mining
24:45 Hand Cart
28:02 Imperial Age
26:34 Forging
26:26 Scale Mail Armor
27:54 Iron Casting
27:41 Bloodlines
27:32 Husbandry
28:48 Chain Mail Armor
29:09 Conscription
28:25 Elite Mameluke
30:30 Two-Man Saw
30:06 Scale Barding Armor
31:49 Town Watch
33:51 Blast Furnace
36:02 Chain Barding Armor
38:49 Fletching
39:34 Plate Barding Armor
38:53 Fletching
40:33 Counterweights
41:03 Hoardings
jomanuel28
10:24 Feudal Age
10:52 Loom
15:00 Castle Age
13:55 Double-Bit Axe
14:26 Horse Collar
24:11 Heavy Plow
24:31 Bow Saw
25:40 Wheelbarrow
24:51 Town Watch
27:20 Hand Cart
31:17 Imperial Age
28:41 Treadmill Crane
29:22 Ballistics
29:13 Scale Barding Armor
28:59 Fletching
30:35 Chain Barding Armor
30:16 Padded Archer Armor
31:39 Bloodlines
31:29 Husbandry
32:01 Thumb Ring
32:56 Parthian Tactics
31:52 Heavy Cavalry Archer
32:35 Bodkin Arrow
33:05 Conscription
33:36 Corvinian Army
33:40 Recurve Bow
33:51 Corvinian Army
34:00 Bracer
35:43 Hoardings
40:46 Leather Archer Armor
41:34 Chemistry
manfred_da_pig
10:39 Feudal Age
14:25 Castle Age
12:12 Double-Bit Axe
12:33 Horse Collar
15:52 Bow Saw
17:38 Wheelbarrow
18:31 Man-at-Arms
19:12 Scale Mail Armor
19:34 Loom
19:19 Long Swordsman
20:48 Squires
21:18 Chain Mail Armor
22:01 Forging
23:40 Iron Casting
24:27 Heavy Plow
26:55 Loom
29:49 Imperial Age
27:38 Loom
28:53 Hand Cart
30:11 Legionary
32:18 Blast Furnace
33:17 Fletching
Sheepeehs
9:44 Feudal Age
10:25 Loom
12:05 Town Watch
14:13 Double-Bit Axe
19:41 Castle Age
17:37 Horse Collar
23:47 Wheelbarrow
29:28 Scale Mail Armor
29:31 Pikeman
32:31 Forging
33:19 Hand Cart
36:59 Gold Mining
41:54 Imperial Age
39:41 Scale Barding Armor
40:11 Iron Casting
39:51 Town Patrol
42:01 Chain Barding Armor
41:32 Fletching
42:24 Gold Shaft Mining
42:15 Chain Mail Armor
41:40 Cavalier
42:41 Bloodlines
42:32 Husbandry
43:39 Blast Furnace
42:07 Light Cavalry
Connection lost

Rejoining the realm…

Still unreachable

The connection could not be restored.

Session expired

The server has moved on; the page needs a fresh start.